 Dungeon Crawl Stone Soup version 0.31-a0-986-g5e6e4ef867 (webtiles) character file.

Game seed: 11152653341260406003

2655 croobank the Vexing (level 9, -7/68 HPs)
             Began as a Demonspawn Hexslinger on Nov 20, 2023.
             Killed by divine providence
             ... invoked by an orc priest
              (9 damage)
             ... on level 7 of the Dungeon.
             The game lasted 00:24:24 (6072 turns).

croobank the Vexing (Demonspawn Hexslinger)         Turns: 6072, Time: 00:24:25

Health: -7/68      AC: 10    Str:  6 (8)  XL:     9   Next: 36%
Magic:  16/16      EV: 15    Int: 18 (19) God:
Gold:   307        SH:  0    Dex: 21 (22) Spells: 17/17 levels left

rFire   . . .        a - +2 dagger (protect)
rCold   . . .        (no shield)
rNeg    . . .        c - +0 robe
rPois   .            (no helmet)
rElec   .            (no cloak)
rCorr   .            y - +0 pair of gloves
SInv    .            (boots unavailable)
Will    .....        (no amulet)
Stlth   ++           k - +6 ring of dexterity
HPRegen 0.31/turn    (no ring)
MPRegen 0.15/turn

%: no passive effects
@: under a protective aura
A: hooves 3, sturdy frame 1
a: no special abilities


You were on level 7 of the Dungeon.
You visited 1 branch of the dungeon, and saw 7 of its levels.

You collected 307 gold pieces.

Inventory:

Hand Weapons
 a - a +2 dagger of protection (weapon)
 b - a +1 sling of flaming
 q - the +3 falchion "Qusk" {antimagic, rC- rN+ Int+3 Stlth+}
   (You found it on level 3 of the Dungeon)

   Int+3:     It affects your intelligence (+3).
   rC-:       It makes you vulnerable to cold.
   rN+:       It protects you from negative energy.
   Stlth+:    It makes you more stealthy.
 r - a +0 long sword
 v - a +0 rapier of speed
 x - a +3 dire flail
 B - a +5 flail
Missiles
 w - 2 poisoned darts
Armour
 c - a +0 robe (worn)
 o - a +0 pair of boots
 y - a +0 pair of gloves (worn)
Magical Staves
 d - a staff of fire
 e - a staff of cold
 l - a staff of death
Jewellery
 k - a +6 ring of dexterity (left hand)
Wands
 A - a wand of flame (17)
Scrolls
 f - a scroll of enchant weapon {unknown}
 g - a scroll of poison
 h - 2 scrolls of identify {unknown}
 i - a scroll of enchant armour {unknown}
 j - 5 scrolls of revelation {unknown}
 m - 3 scrolls of fear {unknown}
 n - 4 scrolls of vulnerability {unknown}
 p - a scroll of summoning {unknown}
 s - 2 scrolls of teleportation
 u - 2 scrolls of amnesia {unknown}


   Skills:
 + Level 5.2 Fighting
 + Level 5.1 Ranged Weapons
 + Level 5.2 Dodging
 + Level 4.7 Spellcasting
 + Level 5.9 Hexes
 + Level 4.6 Fire Magic


You had 17 spell levels left.
You didn't know any spells.
Your spell library contained the following spells:

 Spells                   Type           Power      Damage    Failure   Level
 Jinxbite                 Hex            50%        N/A       1%          2
 Sigil of Binding         Hex            25%        N/A       3%          3
 Inner Flame              Hex/Fire       23%        N/A       4%          3
 Ensorcelled Hibernation  Hex/Ice        28%        N/A       6%          2
 Cause Fear               Hex            12%        N/A       12%         4
 Passwall                 Tmut/Erth      3%         N/A       21%         2
 Gell's Gravitas          Tloc           4%         N/A       38%         3
 Swiftness                Air            4%         N/A       38%         3
 Teleport Other           Tloc           4%         N/A       38%         3
 Dimensional Bullseye     Hex/Tloc       7%         N/A       38%         4
 Dispersal                Tloc           2%         N/A       100%        6


Dungeon Overview and Level Annotations

Branches:
Dungeon (7/15)
 Temple: D:4-7

Altars:
Uskayaw
Wu Jian


Innate Abilities, Weirdness & Mutations

You have hooves in place of feet.
Your movements are slightly less encumbered by armour. (ER -2)


Message History

Press: ? - help, Q - select action, (/) - cycle Shift-Dir - straight line, f - orc warrior
Aim: an orc warrior, wielding a +0 long sword, wearing a +0 chain mail and quivering boomerangs (moderately wounded, 58% to hit)
You throw a throwing net. The throwing net hits the orc warrior.
The orc warrior is caught in the net!
The orc warrior is moderately wounded.
The orc warrior struggles against the net.
You hit the orc warrior.
Your weapon exudes an aura of protection.
You kick the orc warrior, but do no damage.
The orc warrior is moderately wounded.
The orc warrior struggles against the net.
You hit the orc warrior but do no damage.
You kick the orc warrior.
The orc warrior is heavily wounded.
The orc warrior struggles against the net.
You hit the orc warrior but do no damage.
You kick the orc warrior.
The orc warrior is severely wounded.
The orc warrior struggles against the net.
You hit the orc warrior.
You kick the orc warrior, but do no damage.
The orc warrior is severely wounded.
The orc warrior struggles against the net.
You hit the orc warrior but do no damage.
The orc warrior is severely wounded.
The orc warrior struggles against the net.
The net rips apart, and the orc warrior comes free!
You closely miss the orc warrior. Your kick misses the orc warrior.
The orc warrior is severely wounded.
The orc warrior hits you with a +0 long sword!
* * * LOW HITPOINT WARNING * * *
Throw: throwing net
Press: ? - help, Q - select action, (/) - cycle Shift-Dir - straight line, f/p - orc warrior
Aim: an orc warrior, wielding a +0 long sword, wearing a +0 chain mail and quivering boomerangs (severely wounded, 58% to hit)
You throw a throwing net.
The throwing net closely misses the orc warrior.
The throwing net barely misses the orc priest.
The orc priest invokes the aid of Beogh against you.
Beogh smites you!
You die...

##.....##
..(....##
........#
......#
.....#
#...#
#o.# #o#
#@###
#...#
###.# #.#
#.# #.#
#. #.#
.## #.#
..# #.#


You could see an orc warrior and an orc priest.

Vanquished Creatures
  Pikel (D:4)
  Grinder (D:4)
  Eustachio (D:5)
  Edmund (D:5)
  Menkaure (D:4)
  An acid dragon (D:6)
  A water moccasin (D:5)
  2 ice beasts
  A sky beast (D:6)
  2 centaurs
  Blork the orc (D:4)
  A bullfrog (D:6)
  3 scorpions
  3 wights (D:6)
  2 jellies (D:6)
  3 orc priests
  2 hounds (D:6)
  6 iguanas
  3 gnolls (D:5)
  3 adders
  A shadow imp (D:6)
  A white imp (D:6)
  4 ufetubi (D:6)
  2 worms (D:3)
  3 dart slugs (D:1)
  9 orcs
  4 ball pythons
  7 endoplasms
  4 giant cockroaches
  4 goblins
  4 hobgoblins
  11 jackals
  5 quokkas
  2 bats
  3 frilled lizards
  6 kobolds
  4 rats
113 creatures vanquished.

Notes
Turn   | Place    | Note
-------+----------+-------------------------------------------
     0 | D:1      | croobank the Demonspawn Hexslinger began the quest for the
                  | Orb.
     0 | D:1      | Reached XP level 1. HP: 15/15 MP: 2/2
    74 | D:1      | Reached skill level 1 in Fire Magic
   114 | D:1      | Gained mutation: You have large cloven feet. [demonic
                  | ancestry]
   114 | D:1      | Reached XP level 2. HP: 16/21 MP: 3/3
   323 | D:1      | Reached XP level 3. HP: 26/26 MP: 4/4
   870 | D:2      | Found a faded altar of an unknown god.
  1327 | D:2      | You fall into a shaft and drop 1 floor!
  1360 | D:3      | Reached XP level 4. HP: 33/33 MP: 6/6
  1561 | D:3      | Identified the +3 falchion "Qusk" {antimagic, rC- rN+ Int+3
                  | Stlth+}
  1666 | D:3      | Noticed a scorpion
  1693 | D:3      | Killed a scorpion
  1694 | D:3      | Gained mutation: You have hoof-like feet. [demonic
                  | ancestry]
  1694 | D:3      | Reached XP level 5. HP: 17/38 MP: 7/7
  1936 | D:3      | Found a hide-covered altar of Uskayaw.
  2159 | D:4      | Noticed Blork the orc
  2159 | D:4      | Noticed Menkaure
  2183 | D:4      | Killed Blork the orc
  2347 | D:4      | Found an ornate altar of the Wu Jian Council.
  2360 | D:4      | Killed Menkaure
  2361 | D:4      | Reached XP level 6. HP: 11/46 MP: 9/9
  2573 | D:4      | Noticed Pikel
  2996 | D:4      | Noticed Grinder
  2999 | D:4      | Paralysed by Grinder for 5 turns
  3027 | D:4      | Paralysed by Grinder for 5 turns
  3037 | D:4      | Paralysed by Grinder for 2 turns
  3040 | D:4      | Killed Grinder
  3041 | D:4      | Gained mutation: Your movements are slightly less
                  | encumbered by armour. (ER -2) [demonic ancestry]
  3041 | D:4      | Reached XP level 7. HP: 8/52 MP: 9/11
  3239 | D:5      | Entered Level 5 of the Dungeon
  3962 | D:5      | Gained mutation: You have hooves in place of feet. [demonic
                  | ancestry]
  3962 | D:5      | Reached XP level 8. HP: 60/60 MP: 11/13
  4051 | D:5      | Noticed Eustachio
  4094 | D:5      | Killed Eustachio
  4313 | D:5      | Noticed Edmund
  4336 | D:5      | Killed Edmund
  4519 | D:4      | Killed Pikel
  4520 | D:4      | Reached skill level 5 in Hexes
  4712 | D:6      | Reached XP level 9. HP: 19/67 MP: 15/15
  4992 | D:6      | Reached skill level 5 in Fighting
  5007 | D:6      | Reached skill level 5 in Dodging
  5779 | D:6      | Reached skill level 5 in Ranged Weapons
  6071 | D:7      | HP: 1/68 [orc warrior/+0 long sword (11)]
  6072 | D:7      | Killed from afar by an orc priest

Illustrated notes

Levels and vault maps discovered:
D:1:      noname_arrival_rooms_in_the_neighbourhood, layout_rooms,
          minmay_cut_off
D:2:      layout_basic, hellmonk_ecumenical_altar_defaced_shrine
D:3:      layout_basic, lemuel_coloured_pillars_altar, serial_aquarium,
          aquarium_bridge_long_separate [aquarium_subvault_window,
          aquarium_subvault_bridge, aquarium_subvault_window,
          aquarium_subvault_bridge, aquarium_subvault_wall,
          aquarium_subvault_bridge], aquarium_window_corner,
          aquarium_window_double, aquarium_view_2e, aquarium_balcony_1a
D:4:      layout_basic, lemuel_crystal_altar, uniq_blork_the_orc, uniq_pikel,
          uniq_menkaure, uniq_grinder
D:5:      layout_loops_ring, uniq_crazy_yiuf_cottage, uniq_eustachio,
          uniq_edmund
D:6:      minmay_spotlight, layout_basic, mainiacjoe_overflow_paths,
          serial_park_tiny_1
D:7:      layout_loops_ring, minmay_temple_entry_crystal_x, serial_shops, shop,
          hellmonk_ghost_happy_afterlife, uniq_jeremiah

Skill      XL: |  1  2  3  4  5  6  7  8  9 |
---------------+----------------------------+-----
Fire Magic     | 1 2 3 4 |  4.6
Dodging        | 2 3 4 5 |  5.2
Ranged Weapons | 2 3 4 5 |  5.1
Fighting       | 2 3 4 5 |  5.2
Spellcasting   | 2 3 4 |  4.7
Hexes          | 4 5 |  5.9

Action                     |  1- 3 |  4- 6 |  7- 9 || total
---------------------------+-------+-------+-------++-------
  Melee: Dagger            |    24 |   149 |    94 ||   267
         Punch             |     1 |     2 |     1 ||     4
         Kick              |       |       |    31 ||    31
   Fire: Sling             |   111 |     7 |   175 ||   293
  Throw: Dart              |       |     3 |       ||     3
         Throwing net      |       |       |     2 ||     2
  Evoke: Wand              |       |     4 |    15 ||    19
    Use: Potion            |     3 |     2 |     3 ||     8
         Scroll            |       |     3 |       ||     3
   Stab: Sleeping          |       |     2 |     1 ||     3
 Armour: Robe              |    44 |    68 |   111 ||   223
  Dodge: Dodged            |    70 |    72 |   139 ||   281

Table legend: (Time is in decaauts)
 A = Elapsed time spent in this place.
 B = Non-inter-level travel time spent in this place.
 C = Inter-level travel time spent in this place.
 D = Time resting spent in this place.
 E = Time spent auto-exploring this place.
 F = Levels seen in this place.
 G = Mean time per level.
                   A        B        C        D        E       F      G
               +--------+--------+--------+--------+--------+-----+--------+
         Total |   6136 |   5827 |    309 |   1484 |   3146 |   7 |  876.6 |
       Dungeon |   6136 |   5827 |    309 |   1484 |   3146 |   7 |  876.6 |
               +--------+--------+--------+--------+--------+-----+--------+

Top non-repeatable levels by time:
     D:5: 1460 daAuts
     D:6: 1192 daAuts
     D:4: 1135 daAuts
     D:3: 920 daAuts
     D:2: 838 daAuts
     D:1: 521 daAuts
     D:7: 68 daAuts
